AoeStats
← KG4T. anolfo.xxx

Arena

504270715Analyzed
4v4 RM · 27d ago on Sep 4, 2026· 32m 23s· 8 players
Game mode
Random Map
Map size
Large (8 player)
Population
200
Speed
Normal
Resources
Standard
Victory
Conquest
Starting age
Dark Age
Ending age
Imperial Age
RankedLock teamsTeams togetherTeam positionsShared explorationLock speedFull tech treeHidden civsTurbo modeCheats
Victory
Defeat
🇯🇵 Poles · Japan
1262
+15
🇦🇷 Turks · Argentina
1238
+16
🇭🇰 Vietnamese · Hong Kong SAR China
1198
+18
🇹🇼 Goths · Taiwan
1116
+21
🇪🇸 Khmer · Spain
1344
-23
🇻🇪 Italians · Venezuela
1275
-19
🇵🇪 Lithuanians · Peru
1197
-16
🇧🇪 Ethiopians · Belgium
1119
-12
YKY
10:50 Feudal Age
14:47 Castle Age
13:37 Double-Bit Axe
14:02 Gold Mining
14:49 Horse Collar
15:54 Bow Saw
16:32 Loom
19:34 Wheelbarrow
21:14 Husbandry
21:44 Stone Mining
23:27 Hand Cart
24:06 Heavy Plow
29:11 Imperial Age
27:25 Scale Barding Armor
28:07 Forging
29:10 Chain Barding Armor
28:52 Scale Mail Armor
29:14 Ballistics
29:15 Bloodlines
30:11 Iron Casting
29:48 Fortified Wall
29:51 Chatras
32:04 Plate Barding Armor
31:44 Chain Mail Armor
BersaS2
10:07 Feudal Age
14:31 Castle Age
12:43 Stone Mining
13:28 Double-Bit Axe
15:03 Loom
21:22 Wheelbarrow
懿
10:31 Feudal Age
15:02 Castle Age
13:46 Double-Bit Axe
13:44 Horse Collar
16:52 Bow Saw
16:56 Heavy Plow
21:19 Wheelbarrow
20:30 Loom
24:57 Gold Mining
26:03 Hand Cart
30:42 Imperial Age
28:40 Anarchy
28:42 Pikeman
29:23 Squires
28:44 Man-at-Arms
30:53 Forging
30:43 Scale Mail Armor
30:39 Long Swordsman
31:25 Perfusion
32:26 Iron Casting
31:20 Elite Huskarl
hirai
10:12 Feudal Age
13:49 Castle Age
12:20 Double-Bit Axe
12:18 Horse Collar
15:34 Heavy Plow
18:06 Bow Saw
20:50 Wheelbarrow
20:32 Stone Mining
22:25 Hand Cart
22:43 Gold Mining
23:44 Loom
23:45 Treadmill Crane
27:39 Imperial Age
25:44 Scale Barding Armor
25:49 Forging
26:10 Szlachta Privileges
27:09 Husbandry
27:20 Bloodlines
27:35 Chain Barding Armor
28:37 Iron Casting
27:48 Cavalier
30:55 Blast Furnace
30:57 Conscription
31:48 Chemistry
30:41 Fletching
31:28 Crop Rotation
El tigre Abelardo
10:50 Feudal Age
11:39 Double-Bit Axe
14:30 Castle Age
14:24 Horse Collar
17:03 Bow Saw
17:40 Wheelbarrow
19:43 Heavy Plow
21:26 Stone Mining
22:50 Stone Shaft Mining
23:04 Town Watch
23:06 Loom
27:39 Imperial Age
25:48 Forging
25:39 Scale Mail Armor
26:13 Gold Mining
27:59 Iron Casting
27:39 Chain Mail Armor
27:29 Squires
27:14 Arson
27:51 Hand Cart
28:03 Elite Shotel Warrior
31:47 Blast Furnace
aurelio
0:53 Loom
11:11 Feudal Age
14:49 Castle Age
13:47 Forging
14:35 Double-Bit Axe
14:31 Horse Collar
23:27 Bow Saw
28:23 Imperial Age
26:06 Scale Mail Armor
26:24 Squires
26:12 Arson
28:00 Wheelbarrow
27:27 Heavy Plow
27:18 Gold Mining
27:59 Chain Mail Armor
28:20 Iron Casting
31:56 Plate Mail Armor
32:27 Blast Furnace
32:42 Hand Cart
KG4T. anolfo.xxx
7:12 Loom
11:19 Feudal Age
15:29 Castle Age
19:09 Wheelbarrow
18:23 Double-Bit Axe
21:40 Treadmill Crane
22:13 Scale Barding Armor
23:51 Fletching
MacNewbie
10:05 Feudal Age
12:47 Castle Age
12:08 Double-Bit Axe
12:06 Horse Collar
18:10 Wheelbarrow
17:55 Bow Saw
21:58 Gold Mining
25:59 Imperial Age
27:55 Hand Cart
28:11 Ballistics
28:19 Bloodlines
28:10 Husbandry
27:31 Light Cavalry
29:56 Hussar
30:47 Scale Barding Armor
30:53 Forging
31:20 Conscription
31:01 Double Crossbow
32:00 Chain Barding Armor
Connection lost

Rejoining the realm…

Still unreachable

The connection could not be restored.

Session expired

The server has moved on; the page needs a fresh start.